 Dungeon Crawl Stone Soup version 0.19.1-1-g22dce08 (webtiles) character file.

200 markt42 the Cudgeler (level 5, -5/33 HPs)
             Began as a Gargoyle Monk on Jan 7, 2017.
             Killed by nerve-wracking pain
             ... invoked by Grinder
              (7 damage)
             ... while paralysed by Grinder
             ... on level 3 of the Dungeon.
             The game lasted 00:02:22 (2380 turns).

markt42 the Cudgeler (Gargoyle Monk)                Turns: 2380, Time: 00:02:23

Health: -5/33      AC: 12    Str: 15    XL:     5   Next: 78%
Magic:  5/5        EV:  2    Int: 11    God:
Gold:   153        SH:  0    Dex: 12    Spells: 0 memorised, 4 levels left

rFire  . . .     SeeInvis .     a - +0 mace
rCold  . . .     Gourm    .     f - +0 chain mail
rNeg   + . .     Faith    .     (no shield)
rPois  ∞         Spirit   .     (no helmet)
rElec  +         Reflect  .     (no cloak)
rCorr  .         Harm     .     (no gloves)
MR     .....                    (no boots)
Stlth  ..........               (no amulet)
                                (no ring)
                                (no ring)

@: paralysed
A: negative energy resistance 1, electricity resistance, unbreathing,
petrification resistance, rot immunity, AC +4
a: no special abilities


You were on level 3 of the Dungeon.
You were hungry.

You visited 1 branch of the dungeon, and saw 3 of its levels.

You collected 153 gold pieces.

Inventory:

Hand Weapons
 a - a +0 mace (weapon)
Armour
 f - a +0 chain mail (worn)
Scrolls
 e - 3 scrolls of fog {unknown}
 g - 2 scrolls of remove curse {unknown}
 i - 2 scrolls of identify {unknown}
 k - a scroll of blinking {unknown}
 m - a scroll of enchant armour {unknown}
 n - a scroll of recharging {unknown}
Potions
 l - a potion of agility {unknown}
Comestibles
 b - 2 slices of pizza
 c - 2 bread rations
 h - 5 fruits
 o - 2 chunks of flesh


   Skills:
 + Level 3.8 Fighting
 * Level 5.1 Maces & Flails
 * Level 2.3 Armour
 + Level 2.7 Dodging
 + Level 2.3 Stealth


You had 4 spell levels left.
You didn't know any spells.

Dungeon Overview and Level Annotations

Branches:
Dungeon (3/15)

Altars:

Annotations:
D:3 Grinder


Innate Abilities, Weirdness & Mutations

You are resistant to torment.
Your stone body is resilient. (AC +4)
You are immune to poison.
You resist negative energy. (rN+)
You are resistant to electric shocks. (rElec)
You can survive without breathing.
You are immune to petrification.
You are immune to rotting.


Message History

You hit Grinder but do no damage.
Grinder is almost dead.
Grinder hits you.
* * * LOW HITPOINT WARNING * * *
You writhe in agony.
* * * LOW HITPOINT WARNING * * *
Grinder hits you but does no damage.
You hit Grinder.
Grinder is almost dead.
Grinder gestures at you.
You suddenly lose the ability to move!
Grinder gestures at you. Pain shoots through your body!
* * * LOW HITPOINT WARNING * * *
Grinder says, "I used to sell toenails on the black market."
Grinder gestures at you. You resist with significant effort.
Grinder gestures at you. Pain shoots through your body!
You die...

#. #. ####.### ......##
.####.##...##
......#.....##
.8...........##########
8.8...........5@.......
._.8........%##########
8.8....†)...##
.8....##...##
......###...#####
.................
......###...##### ####
####.## #....#


You could see Grinder.

Vanquished Creatures
  2 orc wizards (D:3)
  Natasha (twice) (D:2)
  4 adders (D:2)
  2 worms
  A dart slug (D:1)
  4 orcs (D:3)
  5 bats
  5 goblins
  7 hobgoblins
  6 jackals
  A ball python (D:1)
  4 frilled lizards
  2 kobolds (D:1)
  8 rats
53 creatures vanquished.

Vanquished Creatures (others)
  A plant (D:1)
1 creature vanquished.

Grand Total: 54 creatures vanquished

Notes
Turn   | Place    | Note
-------+----------+-------------------------------------------
     0 | D:1      | markt42 the Gargoyle Monk began the quest for the Orb.
     0 | D:1      | Reached XP level 1. HP: 14/14 MP: 1/1
   164 | D:1      | Reached XP level 2. HP: 1/19 MP: 2/2
   751 | D:1      | Reached XP level 3. HP: 16/23 MP: 3/3
   903 | D:1      | You fall through a shaft!
  1123 | D:2      | Reached skill level 4 in Maces & Flails
  1123 | D:2      | Reached XP level 4. HP: 21/29 MP: 4/4
  1421 | D:2      | Noticed Natasha
  1431 | D:2      | Killed Natasha
  1431 | D:2      | Reached skill level 1 in Armour
  1537 | D:2      | Noticed Natasha
  1552 | D:2      | Killed Natasha
  1712 | D:2      | Reached XP level 5. HP: 33/33 MP: 5/5
  2059 | D:3      | Reached skill level 5 in Maces & Flails
  2315 | D:3      | Found a faded altar of an unknown god.
  2335 | D:3      | Noticed Grinder
  2351 | D:3      | Paralysed by Grinder for 7 turns
  2377 | D:3      | Paralysed by Grinder for 7 turns
  2380 | D:3      | Killed from afar by Grinder

Skill      XL: |  1  2  3  4  5 |
---------------+----------------+-----
Maces & Flails | 4 5 |  5.1
Armour         | 1 2 |  2.3
Fighting       | |  3.8
Dodging        | |  2.7
Stealth        | |  2.3

Action                   |  1- 3 |  4- 6 || total
-------------------------+-------+-------++-------
Melee: Mace              |   162 |   157 ||   319
  Use: Potion            |       |     2 ||     2
  Eat: Chunk             |     1 |     3 ||     4
       Fruit             |       |     1 ||     1
Armor: Robe              |    20 |       ||    20
       Chain mail        |    53 |   104 ||   157
Dodge: Dodged            |    77 |    59 ||   136
